 Dungeon Crawl Stone Soup version 0.31.0-11-ge490571c62 (webtiles) character file.

Game seed: 8481490995378380750

480 ProzacElf the Covered (level 6, -4/50 HPs)
             Began as an Armataur Fighter on Jan 29, 2024.
             Was an Initiate of Fedhas.
             Killed by divine providence
             ... invoked by an orc priest
              (10 damage)
             ... on level 5 of the Dungeon.
             The game lasted 00:05:50 (3310 turns).

ProzacElf the Covered (Armataur Fighter)            Turns: 3310, Time: 00:05:50

Health: -4/50      AC:  8    Str: 21    XL:     6   Next: 86%
Magic:  6/6        EV:  7    Int:  8    God:    Fedhas [......]
Gold:   242        SH:  4    Dex: 12    Spells: 5/5 levels left

rFire   . . .        a - +0 flail
rCold   . . .        c - +0 buckler
rNeg    . . .        b - +0 scale mail
rPois   +            (no helmet)
rElec   .            (no cloak)
rCorr   .            l - +0 pair of gloves
SInv    .            (no barding)
Will    .....        e - amulet of magic regeneration
Stlth   +            u - ring of poison resistance
HPRegen 0.28/turn    (no ring)
MPRegen 0.50/turn

%: roll
@: hasted, very quick
A: large, deformed body, tough skin 3, armoured tail, roll 1
a: Renounce Religion


You were on level 5 of the Dungeon.
You worshipped Fedhas.
Fedhas was noncommittal.
You visited 2 branches of the dungeon, and saw 6 of its levels.

You collected 242 gold pieces.

Inventory:

Hand Weapons
 a - a +0 flail (weapon)
 p - a +2 spectral quarterstaff
Missiles
 q - 5 boomerangs
Armour
 b - a +0 scale mail (worn)
 c - a +0 buckler (worn)
 l - a +0 pair of gloves (worn)
Jewellery
 e - an amulet of magic regeneration (around neck)
 u - a ring of poison resistance (left hand)
Wands
 r - a wand of charming (11)
 x - a wand of mindburst (15)
Scrolls
 g - 9 scrolls of identify {unknown}
 m - a scroll of fear {unknown}
 n - 3 scrolls of teleportation {unknown}
 v - a scroll of torment {unknown}
Potions
 d - 2 potions of might
 h - 2 potions of haste
 i - a potion of berserk rage {unknown}
 j - a potion of mutation {unknown}
 k - a potion of degeneration {unknown}
 o - a potion of cancellation {unknown}
 s - 2 potions of curing
 t - a potion of attraction {unknown}
 w - a potion of enlightenment {unknown}
 z - a potion of heal wounds {unknown}


   Skills:
 - Level 2.6 Fighting
 + Level 4.8 Maces & Flails
 - Level 5.0 Armour
 - Level 5.0 Stealth
 - Level 3.2 Shields


You had 5 spell levels left.
You didn't know any spells.
Your spell library contained the following spells:

 Spells                   Type           Power      Damage    Failure   Level
 Ensorcelled Hibernation  Hex/Ice        0%         N/A       91%         2
 Lesser Beckoning         Tloc           0%         N/A       91%         2
 Gell's Gravitas          Tloc           0%         N/A       99%         3
 Passwall                 Erth           0%         N/A       99%         3
 Swiftness                Air            0%         N/A       99%         3
 Teleport Other           Tloc           0%         N/A       99%         3


Dungeon Overview and Level Annotations

Branches:
Dungeon (5/15)             Temple (1/1) D:5

Altars:
Ashenzari
Dithmenos
Elyvilon
Fedhas
Gozag
Hepliaklqana
Kikubaaqudgha
Makhleb
Okawaru
Qazlal
Ru
Trog
Vehumet
Wu Jian
Yredelemnul
Zin
The Shining One


Innate Abilities, Weirdness & Mutations

Armour fits poorly on your strangely shaped body.
You have extremely tough skin. (AC +3)
You have a long armoured tail.
You regenerate magic when rolling toward enemies. (Rampage MPRegen)


Message History

Aim: an orc priest, wieldin' a +0 mace (lightly wounded, 54% ta hit) Ye throw a curare-tipped dart.
Tha curare-tipped dart closely misses tha orc priest.
Ye block tha orc's attack.
Tha orc barely misses ye.
Ye block tha orc's attack.
Tha orc wizard hits ye wit' a +0 dagger.
Tha orc priest hits ye wit' a +0 mace.
Ye take 4 damage, an' haf 20/50 hp.
Throw: 2 darts (curare)
Press: ? - help, Q - select action, (/) - cycle Shift-Dir - straight line, f/p - orc priest
Aim: an orc priest, wieldin' a +0 mace (lightly wounded, 54% ta hit) Ye throw a curare-tipped dart.
Tha curare-tipped dart barely misses tha orc priest.
Throw: dart (curare)
Press: ? - help, Q - select action, (/) - cycle Shift-Dir - straight line, f/p - orc priest
Aim: an orc priest, wieldin' a +0 mace (lightly wounded, 54% ta hit) Ye throw a curare-tipped dart.
Tha curare-tipped dart barely misses tha orc priest.
Tha orc hits ye wit' a +0 club.
Tha orc hits ye but does nay damage.
Tha orc completely misses ye.
Tha orc wizard hits ye but does nay damage.
Ye block tha orc priest's attack.
Ye take 1 damage, an' haf 19/50 hp.
Ye hit tha orc priest but do nay damage.
Tha orc priest be lightly wounded.
Ye block tha orc's attack. x2; Tha orc hits ye but does nay damage.
Tha orc wizard hits ye but does nay damage.
Tha orc priest mumbles some strange prayers ta Beogh against ye.
Beogh smites ye!
* * * LOW HITPOINT WARNIN'
* * * Ye take 12 damage, an' haf 7/50 hp.
MASSIVE DAMAGE!!
Ye barely miss tha orc priest.
Tha orc priest be lightly wounded.
Ye block tha orc's attack.
Tha orc hits ye but does nay damage.
Ye block tha orc's attack.
Tha orc wizard hits ye wit' a +0 dagger.
* * * LOW HITPOINT WARNIN'
* * * Tha orc priest calls down tha wrath o' Beogh upon ye.
Beogh smites ye!
Ye die...
Fedhas appreciates yer contribution ta tha ecosystem.

.......#.....## ##
..............# .#
..............####.#####
......#.......#.........
.............##!........
...(........$...........
......................$.
..............#.o......f
..............#o@o.....(
......##.....##.oo......
.....####...###.........
.##### ##### #.........
.# ########## .# .# .#
.#


You could see an orc priest, an orc wizard, 3 orcs and a neutral sleepcap
(wandering).

Vanquished Creatures
  An ice beast (D:5)
  2 scorpions
  2 hounds (D:5)
  3 iguanas
  5 adders
  2 dart slugs
  An orc (D:3)
  7 endoplasms
  4 giant cockroaches
  8 goblins
  17 hobgoblins
  4 quokkas
  9 ball pythons
  4 bats
  4 frilled lizards
  6 kobolds
  8 rats
87 creatures vanquished.

Notes
Turn   | Place    | Note
-------+----------+-------------------------------------------
     0 | D:1      | ProzacElf the Armataur Fighter began the quest for the Orb.
     0 | D:1      | Reached XP level 1. HP: 18/18 MP: 1/1
    44 | D:1      | Reached skill level 1 in Stealth
    44 | D:1      | Reached XP level 2. HP: 25/25 MP: 2/2
   484 | D:2      | Reached XP level 3. HP: 27/30 MP: 3/3
   758 | D:2      | Reached XP level 4. HP: 37/37 MP: 4/4
   894 | D:2      | Noticed a scorpion
   904 | D:2      | Killed a scorpion
  1357 | D:3      | Reached XP level 5. HP: 42/42 MP: 5/5
  1723 | D:3      | Reached skill level 5 in Armour
  2595 | D:5      | Entered Level 5 of the Dungeon
  2634 | D:5      | Noticed an ice beast
  2960 | D:5      | Found a staircase to the Ecumenical Temple.
  2965 | Temple   | Entered the Ecumenical Temple
  2990 | Temple   | Became a worshipper of Fedhas Madash
  3028 | D:5      | Reached XP level 6. HP: 50/50 MP: 6/6
  3210 | D:5      | Killed an ice beast
  3211 | D:5      | Reached skill level 5 in Stealth
  3310 | D:5      | Killed from afar by an orc priest

Illustrated notes

Levels and vault maps discovered:
D:1:      eino_arrival_tree_alley, layout_rooms
D:2:      layout_basic
D:3:      layout_loops_cross, minmay_quadrilaterals
D:4:      layout_gridville
D:5:      layout_rooms, nemelex_altar_shiori, minmay_temple_entry_grid
Temple:   minmay_crystal_spiral_temple

Skill      XL: |  1  2  3  4  5  6 |
---------------+-------------------+-----
Maces & Flails | 2 3 4 |  4.8
Stealth        | 1 2 3 4 5 |  5.0
Armour         | 4 5 |  5.0
Fighting       | |  2.6
Shields        | |  3.2

Action                     |  1- 3 |  4- 6 || total
---------------------------+-------+-------++-------
  Melee: Flail             |   113 |   140 ||   253
         Tailslap          |     9 |    20 ||    29
  Throw: Dart              |       |     9 ||     9
    Use: Potion            |       |     2 ||     2
 Armour: Scale mail        |    90 |   157 ||   247
  Dodge: Dodged            |    33 |    65 ||    98
  Block: Buckler           |    21 |    36 ||    57

Action                     |  1- 3 |  4- 6 || total
---------------------------+-------+-------++-------
  Melee: Flail             |   113 |   140 ||   253
         Tailslap          |     9 |    20 ||    29
  Throw: Dart              |       |     9 ||     9
    Use: Potion            |       |     2 ||     2
 Armour: Scale mail        |    90 |   157 ||   247
  Dodge: Dodged            |    33 |    65 ||    98
  Block: Buckler           |    21 |    36 ||    57

Levels and vault maps discovered:
D:1:      eino_arrival_tree_alley, layout_rooms
D:2:      layout_basic
D:3:      layout_loops_cross, minmay_quadrilaterals
D:4:      layout_gridville
D:5:      layout_rooms, nemelex_altar_shiori, minmay_temple_entry_grid
Temple:   minmay_crystal_spiral_temple
